 Dungeon Crawl Stone Soup version 0.27-a0-1188-g73eefd5def (webtiles) character file.

Game seed: 17965066784046405185

92 tilp the Caller (level 4, -4/35 HPs)
             Began as a Barachi Summoner on May 21, 2021.
             Slain by an orc priest
             ... wielding a +0 trident
              (8 damage)
             ... on level 2 of the Dungeon.
             The game lasted 00:04:47 (3200 turns).

tilp the Caller (Barachi Summoner)                  Turns: 3200, Time: 00:04:47

Health: -4/35      AC:  2    Str: 10    XL:     4   Next: 60%
Magic:  0/8        EV: 12    Int: 16    God:
Gold:   35         SH:  0    Dex: 12    Spells: 6/9 levels left

rFire    . . .     SeeInvis .   a - +0 dagger
rCold    . . .     Faith    .   (no shield)
rNeg     + . .     Spirit   +   e - +0 robe
rPois    .         Reflect  .   (no helmet)
rElec    .         Harm     .   (no cloak)
rCorr    .         Rampage  .   (no gloves)
Will     .....                  (no boots)
Stlth    ++........             f - amulet of guardian spirit
HPRegen  0.11/turn              j - ring of positive energy
MPRegen  0.11/turn              (no ring)

@: slow
A: amphibious, slowness 1, strong legs 1, +LOS
a: Hop


You were on level 2 of the Dungeon.
You visited 1 branch of the dungeon, and saw 2 of its levels.

You collected 35 gold pieces.

Inventory:

Hand Weapons
 a - a +0 dagger (weapon)
Missiles
 i - a throwing net {!f}
 k - 6 boomerangs
Armour
 e - a +0 robe (worn)
Jewellery
 f - an amulet of guardian spirit (around neck)
 j - a ring of positive energy (left hand)
Wands
 d - a wand of mindburst (6)
Scrolls
 b - a scroll of vulnerability
 c - 4 scrolls of identify
 g - a scroll of amnesia


   Skills:
 - Level 3.0 Fighting
 - Level 2.1 Dodging
 - Level 1.7 Stealth
 - Level 3.0 Spellcasting
 + Level 5.7 Summonings


You had 6 spell levels left.
You knew the following spells:

 Your Spells              Type           Power      Damage    Failure   Level
a - Summon Small Mammal   Summ           80%        N/A       1%          1
b - Call Imp              Summ           20%        N/A       2%          2

Your spell library contained the following spells:

 Spells                   Type           Power      Damage    Failure   Level
 Call Canine Familiar     Summ           20%        N/A       5%          3
 Summon Guardian Golem    Hex/Summ       11%        N/A       17%         3
 Summon Ice Beast         Ice/Summ       11%        N/A       50%         4
 Summon Lightning Spire   Summ/Air       11%        N/A       50%         4


Dungeon Overview and Level Annotations

Branches:
Dungeon (2/15)

Altars:


Innate Abilities, Weirdness & Mutations

You are amphibious.
You cover ground slowly.
You can hop short distances.
You have an extended range of vision and can be seen from far away.


Message History

The orc is severely wounded.
The orc closely misses you.
The orc priest mumbles some strange prayers to Beogh against you.
Beogh smites you!
* * * LOW HITPOINT WARNING * * *
Your iron imp barely misses the orc.
The orc hits you but does no damage.
You hit the orc.
You kill the orc!
The orc hits you with a +0 short sword.
* * * LOW HITPOINT WARNING * * *
The orc priest completely misses you.
Your iron imp barely misses the orc.
Unknown command.
You hit the orc.
The orc is heavily wounded.
The orc hits you with a +0 short sword.
* * * LOW HITPOINT WARNING * * *
The orc priest looks braver for a moment.
Your iron imp hits the orc!
The orc dies!
Casting: Call Imp (safe; 2% risk of failure)
Confirm with . or Enter, or press ? or * to list all spells.
The orc priest barely misses you.
You aren't carrying any potions.
Your iron imp barely misses the orc priest.
Your quokka bites the orc priest but does no damage.
Things that are here:
a +0 hand axe; a +0 chain mail You hit the orc priest but do no damage.
The orc priest misses you.
Your quokka bites the orc priest but does no damage.
Your iron imp hits the orc priest but does no damage.
You hit the orc priest but do no damage.
Your quokka bites the orc priest but does no damage.
The orc priest barely misses you.
Your iron imp barely misses the orc priest.
You hit the orc priest.
The orc priest is lightly wounded.
Your quokka bites the orc priest.
The orc priest hits you with a +0 trident!
You die...

#.# #....#.# #.# #......
#.# #....#.# #.####.##...
#.# #....#.# #....#.##...
#.###....#[# #.##.#.##...
#........#.#######.#.#####
#####....#.........#.#
#..5......o......#
#..ro#############
#....@.........,<*
###############***


You could see an orc priest (ally target), a friendly iron imp (summoned) and a
friendly quokka (summoned).

Vanquished Creatures
  An orc priest (D:2)
  Jessica (D:2)
  An orc (D:2)
  3 ball pythons
  A hobgoblin (D:2)
  A jackal (D:1)
  2 quokkas (D:2)
  A bat (D:2)
  A frilled lizard (D:2)
  3 rats
15 creatures vanquished.

Vanquished Creatures (collateral kills)
  3 adders (D:2)
  2 orcs (D:2)
  2 ball pythons (D:1)
  An endoplasm (D:1)
  2 goblins
  4 jackals
  2 quokkas (D:1)
  A frilled lizard (D:2)
  4 kobolds (D:1)
21 creatures vanquished.

Grand Total: 36 creatures vanquished

Notes
Turn   | Place    | Note
-------+----------+-------------------------------------------
     0 | D:1      | tilp the Barachi Summoner began the quest for the Orb.
     0 | D:1      | Reached XP level 1. HP: 13/13 MP: 3/3
   292 | D:1      | Reached skill level 1 in Fighting
   982 | D:1      | Found a faded altar of an unknown god.
  1020 | D:1      | Reached XP level 2. HP: 22/22 MP: 5/5
  1035 | D:1      | Learned a level 2 spell: Call Imp
  1713 | D:2      | Reached XP level 3. HP: 17/29 MP: 1/6
  2240 | D:2      | Reached skill level 5 in Summonings
  2240 | D:2      | Reached XP level 4. HP: 12/35 MP: 0/8
  2497 | D:2      | Noticed Jessica
  3034 | D:2      | Killed Jessica
  3200 | D:2      | Slain by an orc priest

Illustrated notes

Levels and vault maps discovered:
D:1:      enne_arrival_octagon_isle, layout_basic, basic_ecumenical_altar
D:2:      layout_basic, uniq_jessica

Skill      XL: |  1  2  3  4 |
---------------+-------------+-----
Fighting       | 1 3 |  3.0
Summonings     | 5 |  5.7
Spellcasting   | 3 |  3.0
Dodging        | |  2.1
Stealth        | |  1.7

Action                   |  1- 3 |  4- 6 || total
-------------------------+-------+-------++-------
Melee: Dagger            |    68 |    35 ||   103
 Cast: Summon Small Mamm |    24 |     1 ||    25
       Call Imp          |    12 |     6 ||    18
 Abil: Hop               |     1 |       ||     1
  Use: Scroll            |     6 |     1 ||     7
       Potion            |     1 |       ||     1
 Stab: Sleeping          |     2 |       ||     2
       Distracted        |       |     1 ||     1
Armor: Robe              |    11 |     2 ||    13
Dodge: Dodged            |    53 |    22 ||    75

Table legend: (Time is in decaauts)
 A = Elapsed time spent in this place.
 B = Non-inter-level travel time spent in this place.
 C = Inter-level travel time spent in this place.
 D = Time resting spent in this place.
 E = Time spent auto-exploring this place.
 F = Levels seen in this place.
 G = Mean time per level.
                   A        B        C        D        E       F      G
               +--------+--------+--------+--------+--------+-----+--------+
         Total |   3452 |   3403 |     49 |    866 |   2068 |   2 | 1726.0 |
       Dungeon |   3452 |   3403 |     49 |    866 |   2068 |   2 | 1726.0 |
               +--------+--------+--------+--------+--------+-----+--------+

Top non-repeatable levels by time:
     D:2: 1830 daAuts
     D:1: 1621 daAuts
